[Event "9th Porticcio Open 2024"]
[Site "Porticcio"]
[Date "2024.07.02"]
[Round "6.8"]
[White "Anwesh, Upadhyaya"]
[Black "Priansh Das"]
[Result "1-0"]
[ECO "E69"]
[WhiteElo "2354"]
[BlackElo "2263"]
[Annotator "TA"]
[PlyCount "177"]
[EventDate "2024.07.01"]
[EventType "swiss"]
[EventCountry "FRA"]
[SourceTitle "playchess.com"]
[Source "ChessBase"]
[SourceQuality "1"]
[TimeControl "5400+30"]

1. d4 Nf6 2. c4 g6 3. g3 Bg7 4. Bg2 O-O 5. Nc3 d6 6. Nf3 Nbd7 7. O-O c6 8. e4 e5 9. h3 Qc7 10. Re1 a5 11. Be3 Re8 12. d5 Nc5 {[%emt 0:02:05] White is slightly better.} 13. Nd2 Bd7 14. Bf1 Qb8 15. a3 cxd5 16. cxd5 b5 (16... Rc8 $14 {was preferrable.}) 17. b4 (17. Bxc5 $1 $16 {Be3 is the strong threat.} dxc5 18. a4) 17... axb4 $14 18. axb4 Na4 19. Nxa4 Rxa4 20. Qb1 Rxa1 21. Qxa1 Qb7 22. Qb1 Bf8 23. Nb3 Be7 24. Na5 Qa6 {[%emt 0:00:00] Black is on the road to losing.} 25. Qd3 Rc8 26. Ra1 Bd8 (26... Rc7 $16 {might work better.}) 27. Ra3 $1 $18 Bxa5 28. Rxa5 Qb7 29. Ra7 Qb8 {[%emt 0:00:00] Black is weak on the dark squares} 30. Qa3 Kg7 31. Qa6 Be8 $2 (31... h6 32. f4 h5 33. fxe5 dxe5) 32. f3 Rc3 33. Kf2 (33. Ra8 $18 {has better winning chances.} Qc7 34. Bb6 (34. Bxb5 $2 Bxb5 35. Qxb5 Rxe3 $19)) 33... Qd8 (33... Rc7 $16 {was necessary.} 34. g4 (34. Qxd6 $2 Rc2+ 35. Be2 Qxd6 $19) 34... h6) 34. Qb6 $1 (34. Bxb5 Nxe4+ 35. fxe4 Qf6+ 36. Ke2 Rc2+ 37. Kd1 Bxb5 38. Qxb5 Rh2 $11) 34... Qc8 35. Qxd6 {[%emt 0:00:00] Active counter play!} Rc2+ $2 {[%emt 0:00:00] [#]} (35... Rxe3 36. Rc7 (36. Kxe3 Qc1+ 37. Ke2 Qc4+ 38. Ke1 Qc3+ 39. Ke2 Qb2+ 40. Ke1 Qb1+ 41. Kf2 Qb2+ 42. Ke1 Qc3+ 43. Ke2 Qc4+ 44. Ke1 Qc1+ 45. Kf2 Qd2+ 46. Kg1 Qe3+ 47. Kh2 Qxa7 $17) 36... Qa8 37. Kxe3 Qa1) 36. Kg1 $1 Nd7 37. Ra3 {[%emt 0:00:00] Against Qc3} (37. Bxb5 Qc3 38. Kh1 Qxe3) 37... h5 38. h4 (38. Bxb5 Rc1+ 39. Bf1 (39. Bxc1 Qxc1+ 40. Kf2 Qb2+ 41. Ke1 Qxa3 $11) 39... Rb1 $18) 38... Kh7 39. Qa6 (39. Bxb5 Nb6 40. g4 (40. Qxb6 $2 Qh3 $19) 40... Rc1+ 41. Bxc1 (41. Bf1 Nc4 $11) 41... Qxc1+ 42. Bf1 Qxa3 43. gxh5 (43. Qxb6 hxg4 44. Qf2 gxf3 $11) 43... Qe3+ 44. Kg2 Qd2+ (44... gxh5 45. Qxe5 Qd2+ 46. Kh1 $11) 45. Kh1 Qf2 46. hxg6+ fxg6 47. Qe7+ Kh6 $11) 39... Qd8 40. Qxb5 Qf6 41. Qd3 Rb2 42. Qc3 Rb1 43. Bf2 Nb6 44. Rb3 Na4 45. Qc2 Ra1 46. b5 Nb6 47. Rb1 Ra3 48. Rb3 Ra1 49. Kg2 Bd7 50. Rb1 Ra3 51. Be2 Na4 52. Rb3 Ra1 53. b6 g5 54. hxg5 Qxg5 55. Rb1 Rxb1 56. Qxb1 Nc3 57. Qb2 Nxe2 58. Qxe2 {[%emt 0:00:03][%mdl 4096] Endgame. KQB-KQB} Qc1 59. Qe1 Qb2 60. Qh1 Kg6 61. Qh4 Qb1 62. Qh1 Qb2 63. Qe1 $2 {[%emt 0:00:23] Wards off Qe2} ({White should play} 63. g4 $18 hxg4 64. Qh8) 63... f6 $2 (63... Kh7 $11 64. Qh1 Kg6) 64. d6 {[%emt 0:00:35] Strongly threatening Qd1.} Kg7 65. Qd1 {[%emt 0:00:25] Repels Qb3. And now Qd5 would win.} Qb5 66. Qc2 (66. Qa1 $142 f5 67. exf5) 66... Kg6 67. f4 (67. Qa2 $142 Kh7 68. Qa7 (68. Qf7+ Kh8 $18) 68... h4 69. gxh4 Kh8 70. b7 Bh3+ 71. Kxh3 Qd7+ 72. Kh2) 67... exf4 68. gxf4 {[%emt 0:00:07] Threatens to win with f5+.} f5 69. Qc5 {[%emt 0:00:47] Qxb5 would kill now.} Qb1 70. Qd5 Kh6 71. b7 h4 72. Qe5 Qxb7 73. Qf6+ ({Not} 73. Bxh4 Qxe4+ 74. Qxe4 fxe4 $11) 73... Kh7 74. Qxh4+ ({And not} 74. Bxh4 Qxe4+ 75. Kg1 Qb1+ 76. Kh2 Qc2+ 77. Kh3 Qd3+ 78. Bg3 Qf1+ 79. Kh4 Qf3 80. Qe7+ Kg6 81. Qg5+ Kf7 82. Qe7+ Kg6 83. Qg5+ Kf7 84. Qe7+ Kg6 $11) 74... Kg6 75. Qg5+ Kf7 76. Qh5+ Kg8 77. Qg6+ Kf8 78. Qf6+ Kg8 {[%emt 0:00:05] [#]} 79. Qd8+ $1 Kf7 80. Kh2 {[%emt 0:00:10] White wants to mate with Qe7+.} ({Less strong is} 80. Qe7+ Kg6 81. Qg5+ Kf7 82. Qh5+ Kg8 $18) 80... fxe4 $2 (80... Be6 $18 81. e5 Qd7 82. Qf6+ Ke8 83. Qh8+ Kf7) 81. Bd4 (81. Qe7+ $142 Kg6 82. Qg5+ Kf7 83. Qh5+ Ke6 84. Qe5+ Kf7 85. Bd4 Bc6 86. f5) 81... Ke6 82. Qe7+ Kd5 83. Qe5+ Kc4 84. Qc5+ Kb3 85. f5 {[%emt 0:00:26] Qc3+ would now be deadly.} Bb5 86. Qc3+ {[%emt 0:01:02] White mates.} Ka4 87. Qc2+ Kb4 88. Bc5+ Ka5 89. Qc3+ {[%emt 0:00:14] Weighted Error Value: White=0.22 (precise) /Black=0.51.  Loses game:     	---       	Black=1      Missed win:     	White=1     	---        Mistake:       	White=1     	Black=5      Inaccurate:     	White=3     	Black=5      OK:         	White=13    	Black=11     Best:        	White=1     	Black=3      Strong:       	White=3     	---} 1-0

[Event "9th Porticcio Open 2024"]
[Site "Porticcio"]
[Date "2024.07.03"]
[Round "7.1"]
[White "Fedorchuk, Sergey A."]
[Black "Batsiashvili, Nino"]
[Result "1/2-1/2"]
[ECO "C50"]
[WhiteElo "2546"]
[BlackElo "2450"]
[Annotator "TA"]
[PlyCount "55"]
[EventDate "2024.07.01"]
[EventType "swiss"]
[EventCountry "FRA"]
[SourceTitle "playchess.com"]
[Source "ChessBase"]
[SourceQuality "1"]
[TimeControl "5400+30"]

1. e4 e5 2. Nf3 Nc6 3. Bc4 Nf6 4. d3 Bc5 5. O-O a5 6. Be3 Bxe3 7. fxe3 O-O 8. Nc3 d6 9. Ng5 {[%emt 0:24:32] Strongly threatening Nd5.} Qe7 10. Qe1 {[%emt 0:22:49] [#] Hoping for Qh4.} Nd8 11. Qg3 (11. Qh4 $5 h6 $8 12. Nf3 $11) 11... c6 {[%emt 0:02:26] And now ...b5 would win.} 12. a4 Ng4 13. Nh3 h5 14. Kh1 Be6 15. Rf3 (15. Bxe6 $11 Nxe6 16. Rad1) 15... Bxc4 $15 16. dxc4 Ne6 17. Raf1 Rae8 18. Nf2 Nh6 19. Nh3 g6 {[%emt 0:04:51] Dodges Rf5} 20. b3 Kg7 21. Ne2 Ng4 22. Nc3 b6 23. Qe1 Nc5 24. Qg3 Ne6 25. Qe1 Nc5 26. Qg3 $1 Ne6 27. Qe1 Nc5 28. Qg3 $1 {[%emt 0:05:04] Weighted Error Value: White=0.07 (flawless) /Black=0.15 (very precise) .  Mistake:       	White=1     	---        OK:         	White=9     	Black=11     Best:        	White=2     	---        Strong:       	White=2     	---} 1/2-1/2

[Event "9th Porticcio Open 2024"]
[Site "Porticcio"]
[Date "2024.07.03"]
[Round "7.2"]
[White "Bailet, Pierre"]
[Black "Bulmaga, Irina"]
[Result "1/2-1/2"]
[ECO "C70"]
[WhiteElo "2491"]
[BlackElo "2391"]
[Annotator "TA"]
[PlyCount "99"]
[EventDate "2024.07.01"]
[EventType "swiss"]
[EventCountry "FRA"]
[SourceTitle "playchess.com"]
[Source "ChessBase"]
[SourceQuality "1"]
[TimeControl "5400+30"]

1. e4 e5 2. Nf3 Nc6 3. Bb5 a6 4. Ba4 f5 5. d4 exd4 6. e5 {[%emt 0:00:38] C70: Ruy Lopez: 3...a6 4 Ba4, Norwegian and Delayed Schliemann.} b5 $1 {[%emt 0:00:25][%mdl 4] is currently scoring better than 6...Bc5.} 7. Bb3 Na5 8. Nxd4 Bb7 9. O-O c5 10. Bxg8 (10. Nxf5 $14 c4 11. Qg4) 10... cxd4 $11 11. Bb3 Nxb3 12. axb3 Qb6 13. Nd2 Bc5 14. Nf3 Qc6 $146 ({Predecessor:} 14... O-O-O 15. b4 Bxb4 16. Qxd4 Bc5 17. Qc3 b4 18. Qd3 g5 19. Be3 g4 20. Nh4 f4 21. Bxf4 {1-0 Martinez Alcantara,J (2619)-Sychev,K (2547) Titled Tuesday intern op 16th May Early blitz 2023 (5)}) 15. b4 Bxb4 16. Qxd4 Bc5 17. Qd3 O-O 18. Be3 Be7 19. Rfd1 Rad8 (19... f4 $11 20. Bd2 Bc5) 20. Rac1 ({White should try} 20. Bd2 $1 $14) 20... Qg6 $11 21. Ne1 Be4 22. Qb3+ $1 Kh8 23. f3 Bc6 24. Qc3 Rc8 25. Qd2 Qe6 26. Nd3 Bb7 27. Bg5 Bxg5 28. Qxg5 d6 29. exd6 Qxd6 30. Qf4 (30. h3 {looks sharper.} Kg8 31. Nf4 Qc7 32. Rd4) 30... Qxf4 31. Nxf4 Rfd8 32. Ne6 Re8 33. Nxg7 Kxg7 34. Rd7+ Kg6 35. Rxb7 Re2 36. h4 Rcxc2 37. Rb6+ Kh5 38. Rxc2 Rxc2 39. Rxa6 Kxh4 40. Rh6+ Kg5 (40... Kg3 $5 41. Rh3+ $8 Kf4 $11) 41. Rxh7 Rxb2 42. Kh2 b4 43. Rb7 Kf4 44. Rb5 b3 45. Kh3 Rb1 46. Kh2 Rb2 47. Kh3 Rb1 48. Kh2 Rb2 49. Kh3 Rb1 50. Kh2 1/2-1/2

[Event "9th Porticcio Open 2024"]
[Site "Porticcio"]
[Date "2024.07.03"]
[Round "7.3"]
[White "Lagarde, Maxime"]
[Black "Anwesh, Upadhyaya"]
[Result "1-0"]
[ECO "A11"]
[WhiteElo "2604"]
[BlackElo "2354"]
[Annotator "TA"]
[PlyCount "115"]
[EventDate "2024.07.01"]
[EventType "swiss"]
[EventCountry "FRA"]
[SourceTitle "playchess.com"]
[Source "ChessBase"]
[SourceQuality "1"]
[TimeControl "5400+30"]

1. Nf3 d5 2. g3 g6 3. Bg2 Bg7 4. c4 c6 5. Qa4 Nf6 6. cxd5 {[%emt 0:00:12] A11: English Opening: 1...c6.} Nxd5 7. h4 $5 {[%emt 0:01:07][%mdl 4] Exploring less charted territory.} Nd7 $146 ({Predecessor:} 7... Nf6 8. Nc3 O-O 9. d4 Nbd7 10. e4 e5 11. dxe5 Ng4 12. O-O Ndxe5 13. Nxe5 Bxe5 {½-½ Aabling Thomsen,J (2390)-Nielsen,V (2302) Odense IM-B 2017 (4)}) 8. h5 N7b6 9. Qd1 Bg4 10. h6 Bf6 11. d4 Bxf3 12. Bxf3 e5 13. dxe5 Bxe5 14. O-O O-O 15. Qb3 Qe7 16. Nc3 Rad8 17. Nxd5 Nxd5 18. Rd1 Bf6 19. Bd2 Rfe8 20. a4 b6 21. a5 Qe5 $2 ({Better is} 21... Qe6 $14) 22. e4 Nc7 (22... Qxb2 $142 23. Qxb2 Bxb2) 23. axb6 $18 axb6 24. Bf4 (24. Qxb6 Qxb2 25. Qxc7 Rxd2 $16) 24... Qe7 25. Rxd8 Rxd8 26. Ra7 $2 (26. Qxb6 $18 Ne6 27. e5 (27. Qxc6 Nd4 $17)) 26... Qe6 $16 {[%emt 0:03:46] [#]} 27. Qxe6 $1 (27. Qxb6 Nb5 $16) 27... Nxe6 28. e5 Bh8 29. Bxc6 g5 30. Be3 Bxe5 31. b4 Bd4 32. Bxd4 Rxd4 {[%emt 0:00:05] [#]} 33. b5 $1 Kf8 34. Rb7 Rd6 35. Rxb6 Nd4 (35... Nd8 $16) 36. Rb8+ $18 Ke7 37. Rb7+ Kf8 (37... Ke6 $142) 38. Be4 $18 f5 39. Bg2 Ne2+ 40. Kf1 Nc3 41. Bc6 (41. Rxh7 $2 Rd1#) 41... Rxh6 42. Rc7 Na4 43. Ke2 Re6+ (43... Rd6 $142 44. Rxh7 Nc5) 44. Kd3 $18 Re7 45. Rc8+ Kf7 46. Bd5+ Kg7 47. Rc6 Rb7 48. Bb3 Nb6 49. Kc3 h5 50. Be6 Na8 (50... h4 $16 {is a better defense.}) 51. Kc4 $18 ({Worse is} 51. Bxf5 Rxb5 52. Bd3 (52. Rg6+ Kf7 $11) 52... Ra5 $11) 51... h4 (51... f4 {was worth a try.} 52. gxf4 gxf4) 52. Bxf5 $18 Rf7 $2 (52... Re7 53. Rg6+ Kf8 54. Rf6+ (54. Rxg5 hxg3 55. fxg3 Re5 $18) 54... Kg7 55. Rg6+ Kf7) 53. Rg6+ $18 Kf8 54. Rxg5 hxg3 55. fxg3 Ke7 56. g4 Kd6 57. Rg6+ (57. Kd4 $142 {Black must now prevent Rg6+.} Rf8 58. Rg6+ Ke7 59. Kc5) 57... Kc7 58. Kc5 1-0

[Event "9th Porticcio Open 2024"]
[Site "Porticcio"]
[Date "2024.07.03"]
[Round "7.4"]
[White "Hamdouchi, Hicham"]
[Black "Yankelevich, Lev"]
[Result "1/2-1/2"]
[ECO "C43"]
[WhiteElo "2527"]
[BlackElo "2416"]
[Annotator "TA"]
[PlyCount "61"]
[EventDate "2024.07.01"]
[EventType "swiss"]
[EventCountry "FRA"]
[SourceTitle "playchess.com"]
[Source "ChessBase"]
[SourceQuality "1"]
[TimeControl "5400+30"]

1. e4 e5 2. Nf3 Nf6 3. d4 Nxe4 4. dxe5 d5 5. Nbd2 Qd7 6. Bd3 Nc5 7. Be2 Ne6 8. Nf1 {[%emt 0:03:37] The position is equal.} c5 9. Ng3 Nc6 10. O-O h6 11. c3 b6 12. a3 Bb7 13. b4 O-O-O 14. Bb5 Qc7 15. Qe2 ({White should play} 15. bxc5 $11 Bxc5 16. Bxc6 Bxc6 17. Nd4) 15... g5 (15... Kb8 $15) 16. bxc5 Bxc5 {[%emt 0:02:37] White must now prevent ...d4.} 17. Nf5 Ne7 (17... d4 $11 18. N3xd4 Ncxd4 19. cxd4 Bxd4 20. Nd6+ Kb8) 18. Nxe7+ $14 Qxe7 19. Rd1 f6 20. a4 Nc7 21. exf6 Qxf6 22. Nd4 h5 (22... Kb8 $14) 23. Be3 g4 24. Bd3 Ne6 (24... a5 $16 {was necessary.}) 25. a5 $18 Rde8 26. Qc2 Kb8 27. axb6 (27. Rdb1 $18 {and the rest is easy.}) 27... Bxb6 $16 28. Bf5 (28. Rdb1 $18) 28... Ng7 $2 {[%emt 0:01:26] [#]} (28... Nxd4 $16 {was worth a try.} 29. Bxd4 Qc6) 29. Bd3 {[%emt 0:00:00] Ba6 is the strong threat.} Ne6 30. Bf5 (30. Rdb1 $142) 30... Ng7 $1 $18 31. Bd3 $2 {[%emt 0:00:00] Weighted Error Value: White=0.45/Black=0.35.  Loses game:     	---       	Black=1      Missed win:     	White=2     	---        Mistake:       	White=3     	Black=4      Inaccurate:     	White=4     	Black=4      OK:         	White=9     	Black=4      Best:        	---       	Black=2      Strong:       	---       	Black=1} (31. Bd7 $18) 1/2-1/2

[Event "9th Porticcio Open 2024"]
[Site "Porticcio"]
[Date "2024.07.03"]
[Round "7.5"]
[White "Nayak Rajesh"]
[Black "Clarke, Brandon G I"]
[Result "1/2-1/2"]
[ECO "B72"]
[WhiteElo "2185"]
[BlackElo "2498"]
[Annotator "TA"]
[PlyCount "61"]
[EventDate "2024.07.01"]
[EventType "swiss"]
[EventCountry "FRA"]
[SourceTitle "playchess.com"]
[Source "ChessBase"]
[SourceQuality "1"]
[TimeControl "5400+30"]

1. e4 c5 2. Nf3 d6 3. d4 cxd4 4. Nxd4 Nf6 5. Nc3 g6 6. Be3 {[%emt 0:00:26] White is more active.} Nc6 7. f3 {[%emt 0:00:27] Dodges Ng4} e5 8. Nb3 Be6 {[%emt 0:00:03] White is slightly better.} 9. Qd2 d5 10. exd5 Nxd5 11. Nxd5 Qxd5 12. Qxd5 Bxd5 13. O-O-O {[%emt 0:00:16] The position is equal.} O-O-O 14. Bb5 a6 15. Bxc6 Bxc6 16. Rxd8+ Kxd8 17. Na5 Kc7 18. Nxc6 Kxc6 $11 {[%emt 0:00:02][%mdl 4096] Endgame. KRB-KRB} 19. Rd1 Bd6 20. h3 f5 21. c4 Re8 22. Kc2 b5 23. cxb5+ axb5 24. a3 Ra8 25. Rd3 Ra4 26. Rc3+ Kd5 27. Rd3+ Kc6 28. Rc3+ Kd5 29. Rd3+ Kc6 30. Rc3+ Kd5 31. Rd3+ {[%emt 0:54:17] Weighted Error Value: White=0.04 (flawless) /Black=0.03 (flawless) .  Inaccurate:     	White=1     	---        OK:         	White=12    	Black=9      Best:        	---       	Black=1} 1/2-1/2

[Event "9th Porticcio Open 2024"]
[Site "Porticcio"]
[Date "2024.07.03"]
[Round "7.6"]
[White "Unuk, Laura"]
[Black "Nevednichy, Vladislav"]
[Result "1/2-1/2"]
[ECO "D00"]
[WhiteElo "2324"]
[BlackElo "2471"]
[Annotator "TA"]
[PlyCount "158"]
[EventDate "2024.07.01"]
[EventType "swiss"]
[EventCountry "FRA"]
[SourceTitle "playchess.com"]
[Source "ChessBase"]
[SourceQuality "1"]
[TimeControl "5400+30"]

1. d4 Nf6 2. Nc3 d5 3. Bf4 a6 4. e3 e6 5. g4 c5 6. g5 Nfd7 7. Bg2 Nc6 8. Nf3 Nb6 9. h4 Bd6 10. dxc5 Bxc5 11. h5 Qe7 12. h6 g6 13. Ne5 O-O 14. Ng4 Rd8 15. Nf6+ Kh8 16. Qe2 e5 17. Bg3 (17. Ncxd5 Nxd5 (17... Rxd5 18. Bxd5 exf4 19. Bxc6 $17) 18. Nxd5 Rxd5 19. Bxd5 exf4 $17) 17... Be6 18. Rd1 Bb4 (18... d4 $5 19. exd4 exd4 20. Bxc6 dxc3 21. Rxd8+ Qxd8 22. bxc3 bxc6 $11) 19. O-O Bxc3 (19... d4 $11 {keeps the balance.} 20. exd4 Bc4) 20. bxc3 $16 Nd7 (20... e4 $14) 21. Nxd5 {[%emt 0:06:22] White has more active pieces.} ({But not} 21. Bxd5 Nxf6 22. gxf6 Qxf6 $14) 21... Bxd5 (21... Qxg5 $14 22. Nc7 Rac8) 22. Bxd5 (22. Rxd5 $142 {Black must now prevent Rb1.} Qxg5 23. Qc4) 22... Qxg5 23. Bxf7 Nf6 {[%emt 0:00:33] Prevents Bd5} 24. Rxd8+ Rxd8 25. Rd1 Rf8 26. Be6 Qxh6 27. Qc4 Qh5 28. Rd2 (28. Rb1 $1 $14 {should be considered.}) 28... Qf3 ({Better is} 28... e4 $11) 29. Bd5 (29. Bd7 $14) 29... Nxd5 $11 30. Qxd5 Qxd5 31. Rxd5 Rf7 {[%emt 0:01:01] Prevents Rd7} 32. Bxe5+ Nxe5 33. Rxe5 {[%emt 0:00:05][%mdl 4096] Endgame. KR-KR} Rc7 34. a4 Kg7 35. Re6 h5 36. Rb6 Kh6 37. Kg2 Kg5 38. a5 Kf5 39. c4 g5 40. c5 Rxc5 41. Rxb7 Rxa5 42. Rf7+ Kg4 43. f3+ Kh4 44. Rc7 {[%emt 0:00:10] Against Rc5} Rd5 {[%emt 0:00:36] [#] Hoping for ...Rd2+.} 45. Rc4+ g4 46. fxg4 hxg4 47. e4 Rd2+ 48. Kf1 Kh3 {[%emt 0:01:58] ...g3 would now be deadly.} 49. Rc6 a5 50. e5 $1 Rd5 51. Rh6+ $2 (51. Kf2 $11 {and White stays safe.} Kh4 52. Ke3) 51... Kg3 $19 52. e6 $2 (52. Re6 Kf4 53. Ra6) 52... Re5 53. c4 a4 {[%emt 0:00:05] Threatens to win with ...a3.} 54. e7 Rxe7 55. Ra6 {[%emt 0:00:06] Inhibits Ra7.} Rf7+ 56. Ke1 Kh2 57. Rxa4 g3 58. Ra8 g2 (58... Rc7 $142 59. Rh8+ Kg2 60. Rg8 Rxc4 61. Ke2 Kh2 62. Rh8+ Kg1 63. Rg8 g2 64. Rh8 Re4+ 65. Kf3 Re7 66. Rg8 Kf1 (66... Rf7+ $2 67. Ke2 $19) 67. Rxg2 Rf7+ 68. Kg3 Rg7+ 69. Kf4 Kxg2 (69... Rxg2 {leads to mate.} 70. Ke5 Rd2 71. Kf4 Re2 72. Kf3 Re7 73. Kf4 Kf2 74. Kf5 Kf3 75. Kf6 Re8 76. Kg7 Re3 77. Kg6 Kg4 78. Kf6 Re4 79. Kg6 Rf4 80. Kh6 Kf5 81. Kg7 Kg5 82. Kh8 Kh6 83. Kg8 Kg6 84. Kh8 Rf8#) 70. Ke4 Rd7 71. Ke3 Rd1 72. Ke4 Kf2 73. Kf4 Re1 74. Kg4 Re4+ 75. Kg5 Kg3 76. Kf5 Re1 77. Kg6 Kf4 78. Kf6 Kg4 79. Kg7 Kg5 80. Kf7 Re4 81. Kg7 Rf4 82. Kh7 Kf6 83. Kg8 Rh4 84. Kf8 Rh8#) 59. Rh8+ Kg3 60. Rg8+ {[%emt 0:00:05] [#]} Kf3 $1 61. c5 Re7+ 62. Kd2 Re4 $2 ({Black should try} 62... Rc7 $19 63. Rf8+ Kg3 64. Rg8+ Kh2 65. Rh8+ Kg1) 63. c6 $11 {[%emt 0:01:03] The position is equal.} Rd4+ (63... Rc4 $5 64. Rf8+ $8 Kg3 65. Rg8+ Kf2 66. Rf8+ Kg1 $11) 64. Ke1 $1 Rc4 (64... Rd8 $5 65. Rg7 $8 Re8+ 66. Kd2 Re7 $11) 65. Rf8+ Kg3 (65... Ke3 $5 66. Re8+ $8 Kf3 67. Rf8+ Kg3 68. Rg8+ Kh2 69. Rh8+ Kg1 $11) 66. Rg8+ Kh2 (66... Kf3 $5 67. Rf8+ $8 Kg3 68. Rg8+ Kh2 69. Rh8+ Kg1 $11) 67. Rh8+ Kg1 (67... Kg3 $5 68. Rg8+ $8 Kh2 69. Rh8+ Kg1 $11) 68. Rh6 $1 Re4+ 69. Kd2 Kf2 70. Rf6+ Kg3 {[%emt 0:00:04] ( -> ...Rg4)} 71. Rg6+ Kf3 72. Rf6+ Rf4 73. Rxf4+ Kxf4 {[%emt 0:00:02] KP-KP} 74. c7 g1=Q 75. c8=Q {[%emt 0:00:05] Prevents Qc5} Qe3+ 76. Kd1 Qf3+ 77. Kd2 Qe3+ 78. Kd1 $1 Qf3+ 79. Kd2 Qe3+ {[%emt 0:00:11] And White is the lucky defender.   Weighted Error Value: White=0.60/Black=0.21 (precise) .  Loses game:     	White=1     	---        Mistake:       	White=4     	Black=4      Inaccurate:     	White=7     	Black=7      OK:         	White=22    	Black=19     Best:        	White=11    	Black=3      Strong:       	White=4     	---} 1/2-1/2

[Event "9th Porticcio Open 2024"]
[Site "Porticcio"]
[Date "2024.07.03"]
[Round "7.7"]
[White "Kuru, Atilla"]
[Black "Druska, Juraj"]
[Result "1-0"]
[ECO "C28"]
[WhiteElo "2314"]
[BlackElo "2466"]
[Annotator "TA"]
[PlyCount "109"]
[EventDate "2024.07.01"]
[EventType "swiss"]
[EventCountry "FRA"]
[SourceTitle "playchess.com"]
[Source "ChessBase"]
[SourceQuality "1"]
[TimeControl "5400+30"]

1. e4 e5 2. Bc4 Nf6 3. Nc3 Nc6 4. d3 Na5 5. Qf3 d6 6. Nge2 {[%emt 0:02:11] C28: Vienna Game: 2...Nf6 3 Bc4 Nc6.} Be7 7. h3 Nxc4 8. dxc4 Be6 9. b3 Nd7 10. Ng3 g6 $146 ({Predecessor:} 10... Bg5 11. Nh5 Rg8 12. Qg3 Bxc1 13. Rxc1 g6 14. f4 f6 15. Qf3 gxh5 16. Qxh5+ Bf7 17. Qxh7 Rxg2 18. Kf1 Rg8 19. Rg1 Rxg1+ 20. Kxg1 Qe7 {0-1 Ponkratov,P (2632)-Nakamura,H (2736) Wch Blitz Moscow 2019 (8)}) 11. Bh6 Bg5 12. Bxg5 Qxg5 13. h4 Qf6 14. Nb5 Qd8 15. Qe3 a6 16. Nc3 Qf6 17. a4 Qg7 18. Nd5 Bxd5 19. cxd5 f5 20. exf5 gxf5 21. Nxf5 Qxg2 22. O-O-O Qg6 23. Nd4 $1 Nf6 24. Nf3 ({Better is} 24. Ne6 $14 Nxd5 25. Qh3 (25. Rxd5 Qxe6 26. Rd2 Rf8 $17)) 24... O-O-O (24... Qe4 $11 {remains equal.}) 25. Rhg1 $2 ({White must play} 25. Qa7 $16) 25... Ng4 $2 (25... Qf5 $15 {stays ahead.} 26. Rg5 Qe4) 26. Qa7 $18 Qf5 27. Nd2 Rhg8 28. f3 Nf6 29. Qa8+ Kd7 30. Qxb7 Qf4 31. Qc6+ (31. Qxa6 $6 Qd4 32. Rxg8 Rxg8 $16) 31... Ke7 32. Qxc7+ Nd7 33. Qc4 Qxc4 34. Nxc4 Rdf8 35. Rdf1 Nf6 36. Ne3 Nh5 37. Rxg8 Rxg8 38. Kd2 Nf4 (38... Kd7 {is a better defense.} 39. Kc3 Ng3) 39. b4 $18 Kd7 40. c4 Kc7 41. a5 Rg3 42. b5 axb5 43. cxb5 Rh3 44. Rg1 Rh2+ 45. Kd1 Ra2 46. Rg7+ (46. b6+ $142 Kb7 47. Rg7+ Ka8 48. Rg8+ (48. Rxh7 Rxa5 49. h5 Ra1+ 50. Kc2 Rh1 $18) 48... Kb7 49. Nc4 Nxd5 50. Nxd6+ Kc6 51. b7) 46... Kb8 $18 47. a6 Ka8 48. Rxh7 Ra5 49. Rb7 e4 50. fxe4 Ra1+ 51. Kd2 Ra2+ 52. Nc2 Nxd5 53. Rd7 Nb6 54. Rd8+ (54. Rxd6 Nc4+ 55. Kc3 Nxd6 $19) 54... Ka7 55. Kc3 (55. Rxd6 Nc4+ 56. Kc3 Nxd6 $19) 1-0

[Event "9th Porticcio Open 2024"]
[Site "Porticcio"]
[Date "2024.07.03"]
[Round "7.8"]
[White "Rakotomaharo, Fy Antenaina"]
[Black "Ha, Yihan"]
[Result "1-0"]
[ECO "B12"]
[WhiteElo "2448"]
[BlackElo "2166"]
[Annotator "TA"]
[PlyCount "119"]
[EventDate "2024.07.01"]
[EventType "swiss"]
[EventCountry "FRA"]
[SourceTitle "playchess.com"]
[Source "ChessBase"]
[SourceQuality "1"]
[TimeControl "5400+30"]

1. e4 c6 2. d4 d5 3. e5 Bf5 4. h4 h5 5. c4 e6 6. Nc3 Ne7 7. Nge2 Nd7 8. Ng3 Bg6 9. Bg5 Qb6 10. Qd2 f6 11. Be3 O-O-O 12. c5 Qc7 13. f4 Nf5 14. Nxf5 Bxf5 15. b4 fxe5 16. fxe5 Be7 17. Bd3 Rhf8 18. O-O Bxd3 19. Qxd3 Bxh4 20. Qg6 Nxe5 21. dxe5 Qxe5 22. Qd3 Bf6 23. Ne2 d4 {[%emt 0:04:43] [#]} (23... h4 $16 {keeps fighting.}) 24. Bf4 ({White should play} 24. Bd2 $1 $18) 24... Qf5 $16 25. Qxf5 exf5 26. Rad1 Rfe8 27. Nc1 Rd5 28. Nd3 g5 29. Bd6 Re2 {[%emt 0:03:27] [#]} (29... Kd7 $16) 30. b5 $1 $18 f4 (30... cxb5 31. Nb4 Rxd6 32. cxd6 $18) 31. bxc6 (31. Nb4 Rxd6 32. cxd6 c5 $18) 31... bxc6 32. Bxf4 Be7 (32... gxf4 33. Nxf4 d3 34. Nxd5 Bd4+ 35. Kh2 cxd5 36. Rxd3 Be5+ 37. Kh3 $18) 33. Bh2 Bxc5 34. Rc1 Bb6 35. Rxc6+ Kb7 (35... Kd7 $142 36. Rh6 h4) 36. Rh6 $18 Rd7 $2 (36... Rd8 37. Rf7+ (37. Rxh5 Rd2 $18) 37... Ka8) 37. Rb1 (37. Rf8 $142 {[%cal Od3c5] Nc5+! would kill now.} Rc2 38. Rb8+ (38. Rxh5 Rc3 $11) 38... Ka6 39. Rbxb6+ (39. Rxh5 Rc3 $11) (39. Nb4+ Ka5 $18) 39... axb6 40. Nb4+ (40. Rxh5 $2 Rc3 $19) 40... Kb5 41. Nxc2) 37... Rd8 38. a4 Ka8 39. Ra1 Rd2 $2 (39... Ba5 40. Rd1 (40. Rxh5 Rd2 $18) 40... Ra2 41. Rxh5 Bd2) 40. a5 $18 Bxa5 41. Rxa5 Rd1+ 42. Kf2 Rxd3 43. Rf6 $2 (43. Rxg5 Rf8+ 44. Ke2 Re3+ 45. Kd2 Rf2+ 46. Kd1 Rf1+ 47. Kd2 Rf2+ 48. Kd1 Rf1+ 49. Kd2 Rf2+ $11) (43. Bc7 $18 Rf8+ 44. Kg1) 43... Rb3 (43... Rd2+ $14 44. Kg1 Rd1+ 45. Rf1 (45. Kf2 Rd2+ 46. Kf3 g4+ 47. Kg3 h4+ 48. Kxg4 Rxg2+ 49. Kh3 Rb2 $16) 45... Rxf1+ 46. Kxf1 h4 (46... d3 47. Ke1 $16)) 44. Rf7 (44. Rxg5 Rb2+ 45. Ke1 d3) (44. Bc7 $18 Rc8 45. Bb6) 44... Rb2+ 45. Ke1 Re8+ (45... Rb1+ $16 46. Kd2 Rb7 47. Rxb7 Kxb7 48. Rxg5 h4) 46. Kd1 ({Only move:} 46. Be5 $18 Rb7 47. Rf5) 46... Rb7 $16 47. Rxb7 Kxb7 48. Rxg5 Rh8 (48... h4 $16 49. Rg4 Rh8 50. Rxd4 Rg8) 49. Be5 $18 Rh6 50. Bg7 (50. Bxd4 Rd6 $11) 50... Rd6 (50... Rh7 $142 51. Bxd4 Kc6 52. Rc5+ Kd6) 51. g3 $18 ({Inferior is} 51. Rxh5 Rg6 $11) 51... Rd7 52. Kd2 a5 (52... Kc6 $142 53. Kd3 Rf7 54. Bxd4 (54. Kxd4 h4 $18) 54... a5) 53. Kd3 $18 a4 54. Bxd4 Ka6 55. Kc4 a3 56. Rg6+ Kb7 57. Rb6+ Kc7 58. Ra6 Kb8 59. Rxa3 Rh7 60. Bf6 (60. Be5+ $142 Kc8 61. Kd5 Rh6 62. Ra8+ Kd7 63. Rh8 Rb6 64. Rh7+ (64. Rxh5 Rb5+ 65. Ke4 Rb3 $18) 64... Kc8 65. Rxh5) 1-0